Map: Submarino EE

Players

MrFercho

  • Race: Zerg Zerg
  • League: Gold
  • Spawn Location: 5:00

Tapzarf - Winner!

  • Race: Terran Terran
  • League: Gold
  • Spawn Location: 11:00

VOD

Have the link to the VOD?

Description

Time

  • Played on: Aug. 15, 2020, 11:42 p.m.
  • Length: 13:33
Show
View Real Time Build Order
Export as new Build Order

MrFercho Zerg 

Build Orders: Hatch First 

Get SALT Encoding   

  12  0:00  Drone  
  13  0:14  Overlord  
  13  0:19  Drone  
  14  0:32  Drone x2  
  16  0:49  Hatchery  
  15  0:53  Drone  
  15  0:56  Drone  
  17  0:59  Drone  
  18  1:10  Extractor  
  17  1:16  Spawning Pool  
  16  1:18  Drone  
  16  1:22  Drone  
  18  1:30  Drone  
  19  1:47  Drone  
  19  1:52  Overlord  
  20  2:03  Queen x2  
  20  2:06  Zergling x2  
  20  2:07  Zergling x2  
  26  2:12  Drone  
  26  2:15  Drone  
  28  2:23  Drone  
  28  2:24  Drone  
  30  2:33  Drone  
  30  2:34  Drone  
  32  2:46  Lair  
  32  2:50  Overlord  
  32  2:52  Drone  
  33  3:03  Overlord  
  33  3:04  Drone  
  34  3:06  Drone  
  35  3:17  Extractor  
  35  3:19  Extractor  
  33  3:22  Queen  
  35  3:33  Roach Warren  
  34  3:38  Overlord  
  34  3:40  Evolution Chamber  
  33  3:46  Drone x6  
  39  4:14  Glial Reconstitution  
  39  4:15  Zerg Missile Weapons Level 1  
  39  4:17  Drone x7  
  39  4:21  Hydralisk Den  
  45  4:27  Overlord x2  
  45  4:34  Queen  
  47  4:46  Evolution Chamber  
  47  4:52  Spore Crawler  
  45  4:55  Spore Crawler  
  45  4:58  Grooved Spines  
  44  5:01  Roach  
  44  5:02  Roach x5  
  26  5:30  Zergling x2  
  26  5:31  Zergling x16  
  28  5:51  Spawning Pool  
  25  6:03  Drone x2  
  27  6:09  Roach  
  27  6:10  Muscular Augments  
  24  6:41  Hydralisk x3  
  24  6:44  Drone  
  31  6:49  Drone  
  31  6:54  Drone  
  33  7:07  Drone x2  
  33  7:08  Drone  
  36  7:36  Hatchery  
  35  7:38  Zerg Melee Weapons Level 1  
  35  7:48  Lair  
  35  8:02  Overlord  
  35  8:15  Hydralisk x3  
  34  8:51  Hydralisk  
  34  8:52  Hydralisk x4  
  44  9:02  Drone x3  
  47  9:21  Drone x6  
  53  9:46  Drone  
  53  9:47  Spore Crawler  
  53  9:56  Drone x2  
  53  9:57  Lurker Den  
  53  9:59  Drone x4  
  58  10:05  Queen, Extractor  
  59  10:07  Drone, Extractor  
  53  10:59  Queen  
  53  11:02  Hydralisk x2  
  53  11:03  Hydralisk x4  
  67  11:05  Overlord x2  
  67  11:06  Overlord  
  67  11:10  Lurker  
  68  11:26  Overlord x2  
  68  11:27  Spine Crawler  
  67  11:43  Overseer  
  67  11:46  Hydralisk x8  
  83  12:27  Zergling x2  
  83  12:28  Zergling x4  
Show
View Real Time Build Order
Export as new Build Order

Tapzarf Terran - Winner!

Build Orders: 1/1/1 

Get SALT Encoding   

  12  0:00  SCV  
  13  0:12  SCV  
  14  0:18  Supply Depot  
  14  0:24  SCV  
  15  0:30  Refinery  
  15  0:41  Barracks  
  15  0:44  SCV  
  16  0:51  Refinery  
  16  1:04  SCV  
  17  1:16  SCV  
  18  1:28  Supply Depot  
  18  1:30  Marine  
  18  1:31  Factory  
  19  1:42  Supply Depot  
  19  1:45  SCV  
  20  1:50  Marine  
  21  2:03  SCV  
  22  2:08  Barracks Reactor  
  22  2:14  Factory Tech Lab  
  22  2:22  Starport  
  22  2:24  SCV  
  23  2:36  SCV  
  24  2:40  Siege Tank  
  27  2:45  Marine  
  27  2:47  Marine  
  29  2:52  SCV  
  30  3:01  Medivac  
  32  3:09  Marine x2  
  34  3:15  Siege Tank  
  34  3:18  SCV  
  38  3:26  Supply Depot  
  38  3:36  Marine  
  39  3:47  SCV, Medivac, Marine  
  43  4:00  SCV  
  44  4:07  Supply Depot  
  44  4:12  SCV  
  45  4:28  Liberator  
  48  4:35  SCV  
  48  4:36  Command Center  
  49  4:43  Marine x2  
  51  4:47  SCV  
  51  4:50  Widow Mine  
  54  4:59  SCV  
  55  5:22  SCV  
  55  5:50  Marine x2  
  55  5:52  SCV  
  55  6:04  SCV  
  55  6:08  Marine x2  
  58  6:16  SCV  
  53  6:26  Marine x2  
  53  6:28  SCV  
  52  6:41  SCV  
  52  6:42  Widow Mine  
  52  6:43  Marine x2  
  57  6:49  Refinery  
  57  6:52  Starport Reactor, Refinery  
  57  6:53  SCV  
  58  6:58  Supply Depot  
  58  7:01  Marine x2  
  58  7:03  Engineering Bay, Widow Mine  
  58  7:05  SCV  
  63  7:17  SCV  
  63  7:19  Marine x2  
  63  7:21  Supply Depot  
  66  7:25  Widow Mine  
  66  7:29  Armory, SCV  
  69  7:31  SCV  
  69  7:33  Neosteel Armor  
  70  7:41  SCV  
  70  7:43  SCV  
  72  7:45  Supply Depot  
  72  7:46  Widow Mine  
  72  7:47  Viking x2  
  78  7:53  SCV  
  78  7:55  SCV  
  81  8:05  SCV  
  81  8:07  Widow Mine  
  81  8:08  SCV, Marine x2  
  86  8:16  Viking  
  86  8:17  Viking, Supply Depot, SCV  
  91  8:20  SCV  
  91  8:26  Marine x2  
  94  8:30  Widow Mine  
  94  8:32  SCV  
  87  8:44  Marine x2  
  87  8:46  Viking  
  84  8:51  Widow Mine  
  86  8:58  Drilling Claws  
  86  9:00  Viking  
  86  9:02  Marine x2  
  90  9:04  Planetary Fortress  
  90  9:13  Widow Mine  
  90  9:16  Viking  
  94  9:17  Command Center  
  94  9:30  Viking  
  96  9:46  Viking  
  101  10:00  Siege Tank  
  101  10:02  SCV  
  102  10:14  Supply Depot  
  102  10:15  Terran Ship Weapons Level 1  
  102  10:28  Viking x2, SCV x2, Marine x2  
  102  10:32  Siege Tank  
  112  10:37  Supply Depot  
  112  10:40  SCV x2  
  110  10:46  Marine x2  
  111  10:52  SCV  
  111  10:53  SCV  
  107  10:58  Viking  
  111  11:04  Siege Tank  
  111  11:05  SCV x2  
  113  11:12  Planetary Fortress  
  113  11:17  SCV  
  114  11:29  SCV  
  113  11:36  Siege Tank  
  110  11:41  SCV  
  111  11:53  SCV  
  112  12:07  Orbital Command  
  112  12:08  Siege Tank  
  115  12:14  Starport  
  113  12:44  Missile Turret  
  106  12:51  Marine x2  
  106  12:54  Widow Mine  
  106  13:04  Missile Turret  
  106  13:09  Marine x2  
  101  13:30  Barracks  
Tags
 
League
GoldGold
Matchup
TvZ
Replay Pack
MrFercho
Spawn Locations
Cross Positions
Add a new tag
Caveats
  • Supply blocks, unpowered buildings, or Contaminate may cause inaccurate times.
  • Supply counts are checked every 10 seconds.